 Dungeon Crawl Stone Soup version 0.29.0-4-gdea44cf6ec (webtiles) character file.

Game seed: 3504583634431992489

69 qw the Chopper (level 4, -1/26 HPs)
             Began as a Tengu Warper on Aug 28, 2022.
             Slain by Grinder (3 damage)
             ... on level 3 of the Dungeon.
             The game lasted 00:00:14 (2819 turns).

qw the Chopper (Tengu Warper)                       Turns: 2819, Time: 00:00:14

Health: -1/26      AC:  3    Str: 13    XL:     4   Next: 20%
Magic:  8/8        EV: 12    Int: 13    God:
Gold:   154        SH:  0    Dex: 14    Spells: 7/7 levels left

rFire   + . .      SeeInvis .   Y - +1 hand axe
rCold   + + .      Faith    .   (no shield)
rNeg    . . .      Spirit   .   j - +1 robe "Noseotre" {rF+ rC+}
rPois   .          Reflect  .   (helmet restricted)
rElec   .          Harm     .   (no cloak)
rCorr   .          Rampage  .   (no gloves)
Will    .....                   (boots unavailable)
Stlth   +.........              (no amulet)
HPRegen 0.08/turn               i - ring of protection from cold
MPRegen 0.11/turn               (no ring)

@: about to teleport
A: beak, talons 3
a: no special abilities


You were on level 3 of the Dungeon.
You visited 1 branch of the dungeon, and saw 3 of its levels.

You collected 154 gold pieces.


Innate Abilities, Weirdness & Mutations

You have a beak for a mouth.
You have claws for feet.


   Skills:
 - Level 2.0 Fighting
 + Level 4.8 Axes
 - Level 1.0 Throwing
 - Level 1.1 Armour
 - Level 2.1 Dodging
 - Level 2.0 Spellcasting
 - Level 2.4 Translocations


You had 7 spell levels left.
You didn't know any spells.
Your spell library contained the following spells:

 Spells                   Type           Power      Damage    Failure   Level
 Blink                    Tloc           14%        N/A       14%         2
 Gell's Gravitas          Tloc           7%         N/A       28%         3
 Lesser Beckoning         Tloc           7%         N/A       28%         3
 Teleport Other           Tloc           7%         N/A       28%         3
 Manifold Assault         Tloc           7%         N/A       95%         5

Inventory:

Hand Weapons
 d - a +0 whip
 Y - a +1 hand axe (weapon)
Armour
 b - a +0 leather armour
 j - the +1 robe "Noseotre" (worn) {rF+ rC+}
   (You acquired it on level 2 of the Dungeon)

   rF:        It protects you from fire.
   rC:        It protects you from cold.
Jewellery
 i - a ring of protection from cold (left hand)
Scrolls
 a - a scroll of identify
 c - 2 scrolls of teleportation
 l - a scroll of immolation {unknown}
Potions
 e - a potion of degeneration {unknown}
 f - a potion of flight {unknown}
 g - a potion of haste {unknown}
 h - a potion of heal wounds {unknown}
 k - a potion of curing {unknown}

Dungeon Overview and Level Annotations

Branches:
Dungeon (3/15)

Altars:

Shops:
D:1 (

Annotations:
D:3 Grinder


Message History

You feel sick.
You start resting.
You feel sick. x4
You are no longer poisoned.
HP restored.
Found 7 stones.
You now have 154 gold pieces (gained 6).
Grinder comes into view.
Grinder shouts!
2805 ||| Stepping ~*~*~tactically~*~*~ (hiding).
You start waiting.
Grinder is nearby!
Grinder gestures at you.
You suddenly lose the ability to move!
Grinder hits you.
You can move again.
You closely miss Grinder. Grinder hits you.
You writhe in agony.
You hit Grinder but do no damage. Your peck misses Grinder.
Grinder closely misses you.
You closely miss Grinder. Grinder closely misses you.
You hit Grinder.
Grinder is lightly wounded.
Grinder hits you.
You writhe in agony.
You barely miss Grinder. You claw Grinder.
Grinder is lightly wounded.
Grinder misses you.
You closely miss Grinder.
Grinder is lightly wounded.
Grinder gestures at you. Pain shoots through your body!
2818 ||| READING 3 scrolls of teleportation.
As you read the scroll of teleportation, it crumbles to dust.
You feel strangely unstable. Grinder barely misses you.
You closely miss Grinder. Your kick misses Grinder. You peck Grinder.
Grinder is lightly wounded.
Grinder barely misses you. Grinder hits you.
You die...

# .###.#### ......5.# #@#
#.# #......###.##.########
#....................#
#..........##....(...######
#.. ......................#
... ..##########....####.
#.##.############..#
..###............# #..#


You could see Grinder.

Vanquished Creatures
  An adder (D:3)
  A dart slug (D:1)
  3 bats
  8 endoplasms (D:1)
  3 giant cockroaches
  A goblin (D:1)
  8 hobgoblins
  3 jackals (D:1)
  7 kobolds
  4 quokkas (D:1)
  6 ball pythons
  4 rats
49 creatures vanquished.

Notes
Turn   | Place    | Note
-------+----------+-------------------------------------------
     0 | D:1      | qw the Tengu Warper began the quest for the Orb.
     0 | D:1      | Reached XP level 1. HP: 12/12 MP: 4/4
     0 | D:1      | 0 ||| qw: Version: 0.1-a-89-g26bdef1
     0 | D:1      | 0 ||| qw: Game counter: 1408
     0 | D:1      | 0 ||| qw: Always use a shield: true
     0 | D:1      | 0 ||| qw: God list: Okawaru
     0 | D:1      | 0 ||| qw: Allow faded altars: false
     0 | D:1      | 0 ||| qw: Do Orc after D:15 true
     0 | D:1      | 0 ||| qw: Do second Lair branch before Depths: true
     0 | D:1      | 0 ||| qw: Lair rune preference: random
     0 | D:1      | 0 ||| qw: Plans: Normal
     0 | D:1      | 0 ||| PLANNING D:1-11
   341 | D:1      | Reached skill level 3 in Axes
   341 | D:1      | Reached XP level 2. HP: 17/17 MP: 6/6
   591 | D:1      | 591 ||| Stepping ~*~*~tactically~*~*~ (stealth).
   593 | D:1      | 593 ||| Stepping ~*~*~tactically~*~*~ (stealth).
   594 | D:1      | 594 ||| Stepping ~*~*~tactically~*~*~ (stealth).
   602 | D:1      | 602 ||| Stepping ~*~*~tactically~*~*~ (stealth).
   604 | D:1      | 604 ||| Stepping ~*~*~tactically~*~*~ (stealth).
   606 | D:1      | 606 ||| Stepping ~*~*~tactically~*~*~ (stealth).
   609 | D:1      | 609 ||| Stepping ~*~*~tactically~*~*~ (stealth).
   610 | D:1      | 610 ||| Stepping ~*~*~tactically~*~*~ (stealth).
   611 | D:1      | 611 ||| Stepping ~*~*~tactically~*~*~ (stealth).
   612 | D:1      | 612 ||| Stepping ~*~*~tactically~*~*~ (stealth).
   614 | D:1      | 614 ||| Stepping ~*~*~tactically~*~*~ (stealth).
   615 | D:1      | 615 ||| Stepping ~*~*~tactically~*~*~ (stealth).
   616 | D:1      | 616 ||| Stepping ~*~*~tactically~*~*~ (stealth).
   617 | D:1      | 617 ||| Stepping ~*~*~tactically~*~*~ (stealth).
   768 | D:1      | Reached XP level 3. HP: 10/21 MP: 7/7
   957 | D:1      | Found Fipsaekoe's Weapon Emporium.
  1085 | D:1      | Found a faded altar of an unknown god.
  1193 | D:1      | Reached skill level 4 in Axes
  1707 | D:1      | 1707 ||| UPGRADING to ring of protection from cold.
  1708 | D:1      | 1708 ||| READING 2 scrolls labelled JOMADAX YQAT.
  1709 | D:1      | 1709 ||| READING scroll labelled PAYCISTAVY.
  1713 | D:1      | 1713 ||| READING scroll labelled ASKUCRA RI YDU.
  1714 | D:1      | 1714 ||| DROPPING scroll of blinking.
  2365 | D:2      | Reached XP level 4. HP: 26/26 MP: 8/8
  2525 | D:2      | 2525 ||| READING scroll labelled VOKOG QOMOCW.
  2526 | D:2      | 2526 ||| READING scroll labelled MEATOH TOAMIEM.
  2526 | D:2      | Identified a scroll of acquirement
  2526 | D:2      | 2526 ||| ACQUIRING +1 robe "Noseotre" {rF+ rC+}
  2526 | D:2      | Acquired the +1 robe "Noseotre" {rF+ rC+}
  2528 | D:2      | 2528 ||| UPGRADING to +1 robe "Noseotre" {rF+ rC+}.
  2538 | D:2      | 2538 ||| READING 2 scrolls of identify.
  2538 | D:2      | 2538 ||| IDENTIFYING fizzy coppery potion
  2539 | D:2      | 2539 ||| DROPPING potion of brilliance.
  2804 | D:3      | Noticed Grinder
  2805 | D:3      | 2805 ||| Stepping ~*~*~tactically~*~*~ (hiding).
  2810 | D:3      | Paralysed by Grinder for 2 turns
  2817 | D:3      | HP: 2/26 [Grinder/nerve-wracking pain (5)]
  2818 | D:3      | 2818 ||| READING 3 scrolls of teleportation.
  2819 | D:3      | Slain by Grinder

Levels and vault maps discovered:
D:1:      dpeg_arrival_fog, layout_loops_corners, serial_shops, shop,
          ebering_ecumenical_altar_ruins
D:2:      layout_basic, minivault_27, minmay_pentomino_o4
D:3:      layout_loops_ring, cheibriados_altar_2, nicolae_elevator_lobby_plus,
          uniq_grinder

Skill      XL: |  1  2  3 |
---------------+----------+-----
Axes           | 3 4 |  4.8
Fighting       | |  2.0
Throwing       | |  1.0
Armour         | |  1.1
Dodging        | |  2.1
Spellcasting   | |  2.0
Translocations | |  2.4

Action                   |  1- 3 |  4- 6 || total
-------------------------+-------+-------++-------
Melee: Hand axe          |   120 |    15 ||   135
       Kick              |    27 |     2 ||    29
       Peck              |     6 |     2 ||     8
       Punch             |     3 |       ||     3
Throw: Boomerang         |     7 |       ||     7
  Use: Scroll            |     3 |     4 ||     7
 Stab: Sleeping          |       |     1 ||     1
Armor: Leather armour    |    36 |       ||    36
       Robe              |       |     1 ||     1
Dodge: Dodged            |    71 |     9 ||    80

Table legend:
 A = Non-vault XP
 B = Vault XP
 C = Vault XP percentage of total XP
 D = Non-vault monster count
 E = Vault monster count
 F = Vault count percentage of total count
                 A         B        C        D         E       F
            +---------+---------+-------+---------+---------+-------
      Total |      93 |       6 |   6.1 |      45 |       4 |   8.2
            +---------+---------+-------+---------+---------+-------
        D:1 |      65 |       0 |   0.0 |      36 |       0 |   0.0
        D:2 |      11 |       6 |  35.3 |       6 |       4 |  40.0
        D:3 |      17 |       0 |   0.0 |       3 |       0 |   0.0
            +---------+---------+-------+---------+---------+-------
